 Dungeon Crawl Stone Soup version 0.20.1-1-g8b1a95d (console) character file.

3494 hilaritas the Geomancer (level 9, -15/62 HPs)
             Began as a Demigod Earth Elementalist on Jan 20, 2018.
             Demolished by Gastronok (27 damage)
             ... on level 8 of the Dungeon.
             The game lasted 00:24:40 (9153 turns).

hilaritas the Geomancer (DgEE)                      Turns: 9153, Time: 00:24:40

Health: -15/62     AC:  9    Str: 11    XL:     9   Next: 51%
Magic:  17/31      EV: 12    Int: 25    God:
Gold:   468        SH:  5    Dex: 16    Spells: 9/20 levels left

rFire    . . .     SeeInvis .   v - +0 short sword
rCold    . . .     Gourm    +   B - +0 buckler
rNeg     . . .     Faith    .   c - +1 robe
rPois    .         Spirit   .   (no helmet)
rElec    .         Reflect  .   (no cloak)
rCorr    .         Harm     .   l - +2 pair of gloves
MR       .....                  (no boots)
Stlth    ++........             D - amulet of the gourmand
Regen    0.2/turn               z - ring of magical power
MPRegen  0.3/turn               g - +3 ring of protection

@: slowed, very slow
A: high mp 1
a: no special abilities


You were on level 8 of the Dungeon.
You were full.

You visited 1 branch of the dungeon, and saw 8 of its levels.

You collected 468 gold pieces.

Inventory:

Hand Weapons
 v - a +0 short sword (weapon)
Missiles
 b - 82 stones (quivered)
 p - 138 arrows
Armour
 c - a +1 robe (worn)
 l - a +2 pair of gloves (worn)
 B - a +0 buckler (worn)
Jewellery
 g - a +3 ring of protection (right hand)
 z - a ring of magical power (left hand)
 D - an amulet of the gourmand (around neck)
Wands
 n - a wand of flame (17/48)
 C - a wand of iceblast (2/15)
Scrolls
 m - 4 scrolls of remove curse
 o - 2 scrolls of teleportation
 u - a scroll of amnesia
 w - a scroll of enchant weapon
 E - 2 scrolls of magic mapping
Potions
 a - a potion of mutation
 f - 2 potions of brilliance
 h - 4 potions of heal wounds
 j - a potion of invisibility
 s - 3 potions of might
 t - 2 potions of agility
 A - a potion of resistance {unknown}
 F - a potion of curing
Books
 e - a book of Geomancy

   Spells                             Type                      Level
   a - Sandblast                      Earth                        1
   b - Passwall                       Transmutation/Earth          2
   c - Stone Arrow                    Conjuration/Earth            3
   d - Petrify                        Transmutation/Earth          4
   e - Lee's Rapid Deconstruction     Earth                        5
 x - a Young Poisoner's Handbook

   Spells                             Type                      Level
   a - Sting                          Conjuration/Poison           1
   b - Poisonous Vapours              Poison/Air                   2
   c - Mephitic Cloud                 Conjuration/Poison/Air       3
   d - Olgreb's Toxic Radiance        Poison                       4
   e - Venom Bolt                     Conjuration/Poison           5
 y - a book of Cantrips

   Spells                             Type                      Level
   a - Confusing Touch                Hexes                        1
   b - Animate Skeleton               Necromancy                   1
   c - Summon Small Mammal            Summoning                    1
   d - Apportation                    Translocation                1
Comestibles
 d - 6 bread rations
 i - 4 royal jellies
 k - 5 fruits
 q - 2 meat rations


   Skills:
 - Level 1.7 Dodging
 - Level 1.7 Stealth
 * Level 3.4 Shields
 - Level 6.1 Spellcasting
 * Level 4.0 Conjurations
   Level 0.8 Transmutations
 - Level 10.0 Earth Magic


You had 9 spell levels left.
You knew the following spells:

 Your Spells              Type           Power        Failure   Level  Hunger
a - Sandblast             Erth           ######       1%          1    None
b - Stone Arrow           Conj/Erth      #####.       1%          3    None
c - Lee's Rapid Deconstr  Erth           ######....   3%          5    #####..
d - Apportation           Tloc           #.....       8%          1    None
e - Summon Small Mammal   Summ           #...         8%          1    None


Dungeon Overview and Level Annotations

Branches:
Dungeon (8/15)             Temple (0/1) D:5
   Lair: D:8-11

Annotations:
D:8 Gastronok


Innate Abilities, Weirdness & Mutations

You have an increased reservoir of magic. (+10% MP)


Message History

Magic courses through your body. Gastronok bites you.
* * * LOW HITPOINT WARNING * * *
Casting: Sandblast
Confirm with . or Enter, or press ? or * to list all spells.
Aiming: Stone Arrow
Press: ? - help, Shift-Dir - straight line The stone arrow hits Gastronok.
Gastronok is severely wounded.
Casting: Stone Arrow
Confirm with . or Enter, or press ? or * to list all spells.
You don't know that spell.
Casting: Stone Arrow
Confirm with . or Enter, or press ? or * to list all spells.
Aiming: Stone Arrow
Press: ? - help, Shift-Dir - straight line, f - Gastronok
Aim: Gastronok, wearing the +3 hat of Pondering {ponderous, MR+ MP+10 Int+5} (severely wounded, covering ground quickly)
The stone arrow hits Gastronok.
Gastronok is almost dead.
Gastronok bites you!!
You die...

#.?.#.#.# ...#
.....#.# ...#
##....#.#....#
...<.#.#...[#
.. ...........#
#. #.........#
#. #.........#
#.#####.)#
##+#.#.....รท#
#......###.@#
#......# #.w# .
#......# #..#
.. ##.#.#.#
#... ... #
#.#.###... ....
#.#.....##.....
#.#............
#.##.##.#####..
#. #.##)....#
#.#.##.##.###.#
............#


You could see Gastronok.

Vanquished Creatures
  2 hippogriffs
  Menkaure (D:4)
  2 orc warriors
  2 ice beasts (D:6)
  A sky beast (D:5)
  A black bear (D:6)
  5 ogres
  A centaur (D:6)
  2 bullfrogs
  A big kobold (D:6)
  5 killer bees (D:7)
  4 howler monkeys
  A vampire bat (D:5)
  An electric eel (D:6)
  2 jellies
  2 crimson imps
  A bullfrog skeleton (D:6)
  4 hounds
  6 orc priests
  8 orc wizards
  3 iguanas
  7 worker ants
  8 adders
  8 gnolls
  A shadow imp (D:7)
  An ooze (D:6)
  2 adder skeletons
  2 worms
  3 dart slugs (D:2)
  3 fire bats (D:5)
  5 leopard geckos
  30 orcs
  2 spectral bats (D:5)
  2 ball pythons (D:2)
  3 bat skeletons (D:5)
  A bat zombie (D:5)
  6 giant cockroaches
  11 goblins
  3 hobgoblins
  6 jackals (D:4)
  10 kobolds
  6 quokkas
  17 bats
  A bat simulacrum (D:5)
  4 frilled lizards
  A jackal zombie (D:7)
  7 rats
205 creatures vanquished.

Notes
Turn   | Place    | Note
-------+----------+-------------------------------------------
     0 | D:1      | hilaritas the Demigod Earth Elementalist began the quest for the Orb.
     0 | D:1      | Reached XP level 1. HP: 14/14 MP: 5/5
    74 | D:1      | Reached skill level 3 in Earth Magic
   222 | D:1      | Reached XP level 2. HP: 20/20 MP: 5/7
   926 | D:2      | Reached XP level 3. HP: 17/26 MP: 2/8
  1085 | D:2      | Reached skill level 4 in Earth Magic
  1093 | D:2      | Learned a level 3 spell: Stone Arrow
  1394 | D:2      | Found a basalt altar of Yredelemnul.
  1444 | D:2      | Reached XP level 4. HP: 31/33 MP: 5/9
  2085 | D:2      | Found a burning altar of Makhleb.
  2227 | D:3      | Reached skill level 5 in Earth Magic
  2281 | D:3      | You fall through a shaft!
  2402 | D:4      | Noticed Menkaure
  2407 | D:4      | Killed Menkaure
  2407 | D:4      | Reached XP level 5. HP: 38/38 MP: 6/10
  3002 | D:3      | Learned a level 5 spell: Lee's Rapid Deconstruction
  3209 | D:4      | Reached XP level 6. HP: 12/45 MP: 7/13
  4107 | D:5      | Entered Level 5 of the Dungeon
  4439 | D:5      | Reached XP level 7. HP: 50/50 MP: 15/17
  4872 | D:5      | Found a staircase to the Ecumenical Temple.
  5013 | D:5      | Reached skill level 5 in Spellcasting
  5276 | D:5      | Found a bloodstained altar of Trog.
  5320 | D:5      | Found a glowing silver altar of Zin.
  5801 | D:6      | Found a sacrificial altar of Ru.
  5919 | D:6      | Reached XP level 8. HP: 12/57 MP: 11/20
  5992 | D:6      | Reached skill level 6 in Earth Magic
  6314 | D:6      | Reached skill level 7 in Earth Magic
  6692 | D:6      | Reached skill level 8 in Earth Magic
  7759 | D:7      | Reached skill level 1 in Shields
  7781 | D:6      | Reached XP level 9. HP: 15/62 MP: 0/22
  8060 | D:6      | Reached skill level 9 in Earth Magic
  8465 | D:7      | Learned a level 1 spell: Apportation
  8467 | D:7      | Learned a level 1 spell: Summon Small Mammal
  8558 | D:7      | Reached skill level 10 in Earth Magic
  9140 | D:8      | Noticed Gastronok
  9153 | D:8      | Demolished by Gastronok

Skill      XL: |  1  2  3  4  5  6  7  8  9 |
---------------+----------------------------+-----
Earth Magic    | 3 4 5 8 10 | 10.0
Conjurations   | 3 4 |  4.0
Spellcasting   | 2 4 6 |  6.1
Shields        | 1 3 |  3.4
Dodging        | |  1.7
Stealth        | |  1.7
Transmutations | |  0.8

Action                   |  1- 3 |  4- 6 |  7- 9 || total
-------------------------+-------+-------+-------++-------
Melee: Unarmed           |     3 |       |       ||     3
       Dagger            |       |     6 |    34 ||    40
       Short sword       |       |       |    23 ||    23
 Cast: Sandblast         |    57 |    90 |    40 ||   187
       Stone Arrow       |       |     9 |   126 ||   135
       Lee's Rapid Decon |       |       |    16 ||    16
  Use: Scroll            |     6 |     7 |     5 ||    18
       Potion            |       |       |     3 ||     3
  Eat: Chunk             |     2 |     9 |    29 ||    40
       Fruit             |       |     2 |       ||     2
Armor: Robe              |     2 |    17 |    76 ||    95
Dodge: Dodged            |    12 |    25 |   117 ||   154
Block: Buckler           |       |       |    15 ||    15
